 Dungeon Crawl Stone Soup version 0.32-a0-913-g739538afd8 (webtiles) character file.

Game seed: 15916918687910635258

861 Prestissimo the Shooter (level 7, -5/37 HPs)
             Began as a Spriggan Hunter on Apr 9, 2024.
             Slain by a killer bee (7 damage)
             ... on level 5 of the Dungeon.
             The game lasted 00:07:44 (3754 turns).

Prestissimo the Shooter (Spriggan Hunter)           Turns: 3754, Time: 00:07:46

Health: -5/37      AC:  5    Str:  7    XL:     7   Next: 71%
Magic:  8/8        EV: 17    Int: 10    God:
Gold:   211        SH:  0    Dex: 21    Spells: 6/6 levels left

rFire   . . .        a - +0 shortbow
rCold   . . .        (shield currently unavailable)
rNeg    . . .        c - +0 robe
rPois   .            (helmet restricted)
rElec   .            j - +2 cloak {rCorr}
rCorr   +            (gloves unavailable)
SInv    +            (boots unavailable)
Will    ++...        (no amulet)
Stlth   ++           p - ring of willpower
HPRegen 0.26/turn    (no ring)
MPRegen 0.11/turn

%: no passive effects
@: mighty, lethally poisoned (-5 -> -9), very quick
A: very small, no large weapons, unfitting armour, see invisible, speed 3
a: no special abilities


You were on level 5 of the Dungeon.
You visited 1 branch of the dungeon, and saw 5 of its levels.

You collected 211 gold pieces.

Inventory:

Hand Weapons
 a - a +0 shortbow (weapon)
Missiles
 m - 6 poisoned darts (quivered)
Armour
 c - a +0 robe (worn)
 j - a +2 cloak of preservation (worn)
Jewellery
 p - a ring of willpower (left hand)
Wands
 g - a wand of acid (12)
 h - a wand of iceblast (2)
 l - a wand of paralysis (8)
Scrolls
 b - 2 scrolls of butterflies
 f - 2 scrolls of vulnerability {unknown}
 k - 2 scrolls of teleportation {unknown}
 q - a scroll of noise {unknown}
 r - 2 scrolls of identify {unknown}
 s - a scroll of immolation {unknown}
Potions
 d - a potion of haste {unknown}
 e - 2 potions of might
 i - a potion of heal wounds {unknown}
 n - 2 potions of enlightenment {unknown}
 o - a potion of resistance {unknown}
 t - a potion of ambrosia {unknown}
 u - 2 potions of curing {unknown}


   Skills:
 * Level 3.7 Fighting
 + Level 7.4 Ranged Weapons
 * Level 2.7 Throwing
 - Level 2.6 Dodging
 + Level 1.5 Stealth
 * Level 3.9 Evocations


You had 6 spell levels left.
You didn't know any spells.
Your spell library contained the following spells:

 Spells                   Type           Power      Damage    Failure   Level
 Sandblast                Erth           0%         2d4       36%         1
 Shock                    Conj/Air       0%         1d3       36%         1
 Sting                    Conj/Alch      0%         1d3       36%         1
 Mercury Vapours          Alch/Air       0%         N/A       50%         2
 Hailstorm                Conj/Ice       0%         3d5       75%         3
 Maxwell's Portable Pile  Tloc           0%         2d(5-13)  75%         3
 Sigil of Binding         Hex            0%         N/A       75%         3
 Stone Arrow              Conj/Erth      0%         3d7       75%         3
 Summon Ice Beast         Ice/Summ       0%         N/A       75%         3
 Swiftness                Air            0%         N/A       75%         3
 Airstrike                Air            0%         2d(0-16)  98%         4
 Brom's Barrelling Bould  Conj/Erth      0%         2d3       98%         4
 Olgreb's Toxic Radiance  Alch           0%         N/A       98%         4
 Arcjolt                  Conj/Air       0%         1d10      100%        5
 Summon Mana Viper        Hex/Summ       0%         N/A       100%        5
 Death Channel            Necr           0%         N/A       100%        6
 Permafrost Eruption      Ice/Erth       0%         2x4d1     100%        6
 Sculpt Simulacrum        Ice/Alch       0%         N/A       100%        6
 Monstrous Menagerie      Summ           0%         N/A       100%        7
 Ozocubu's Refrigeration  Ice            0%         4d7       100%        7
 Discord                  Hex            0%         N/A       100%        8
 Maxwell's Capacitive Co  Air            0%         ∞         100%        8


Dungeon Overview and Level Annotations

Branches:
Dungeon (5/15)
 Temple: D:4-7

Altars:
Kikubaaqudgha
Okawaru
Qazlal
Sif Muna
Trog
Wu Jian

Shops:
D:3 [

Annotations:
D:2 exclusion: downstairs


Innate Abilities, Weirdness & Mutations

You are very small and have problems with some larger weapons.
You are too small for most types of armour.
You have supernaturally acute eyesight. (SInv)
You cover ground extremely quickly. (Speed+++)


Message History

u - 2 silvery potions (gained 1)
A killer bee comes into view.
You shoot an arrow. The arrow misses the killer bee.
The killer bee buzzes angrily.
You hear an angry buzzing noise.
A killer bee comes into view. x2
You shoot an arrow. The arrow barely misses the killer bee.
You shoot an arrow.
The arrow closely misses the killer bee.
The killer bee misses you. The killer bee stings you!
Unknown command.
The killer bee attacks as it pursues you!
The killer bee stings you.
The killer bee attacks as it pursues you!
The killer bee closely misses you.
The killer bee attacks as it pursues you!
The killer bee barely misses you. The killer bee misses you.
The killer bee attacks as it pursues you!
The killer bee stings you.
The killer bee attacks as it pursues you!
The killer bee stings you.
The killer bee attacks as it pursues you!
The killer bee stings you.
You are poisoned.
The killer bee poisons you! The killer bee stings you.
You feel sick.
You feel sick.
The killer bee attacks as it pursues you!
The killer bee stings you.
* * * LOW HITPOINT WARNING * * *
* * * LOW HITPOINT WARNING * * *
You feel sick.
* * * LOW HITPOINT WARNING * * *
You feel sick.
It was a potion of might.
You feel very mighty all of a sudden.
* * * LOW HITPOINT WARNING * * *
You feel sick. The killer bee stings you.
* * * LOW HITPOINT WARNING * * *
The killer bee stings you!
You die...

#. #.### .... ...## ...# #...#
... #####..### ..#
##.<.#....## .y##
##..........## ..#
#......<†....###############..
#............@yy..............
#............#y.##..........##
##..........###.............#
##...##...## ###...........#
#### ##### ##..........#
#..........# #..........#
#..........# #..........#


You could see 3 killer bees.

Vanquished Creatures
  Eustachio (D:3)
  Sigmund (D:4)
  An ogre (D:4)
  A scorpion (D:5)
  A jelly (D:4)
  A howler monkey (D:4)
  An orc priest (D:4)
  Crazy Yiuf (D:2)
  A hound (D:4)
  2 iguanas (D:4)
  Ijyb (D:4)
  An orc wizard (D:4)
  3 gnolls (D:4)
  4 adders
  A ribbon worm (D:4)
  2 dart slugs
  10 orcs
  3 ball pythons
  4 bats (D:2)
  3 endoplasms
  2 giant cockroaches
  13 goblins
  7 hobgoblins
  4 jackals (D:2)
  5 kobolds
  2 quokkas (D:1)
  3 frilled lizards
  A rat (D:3)
80 creatures vanquished.

Notes
Turn   | Place    | Note
-------+----------+-------------------------------------------
     0 | D:1      | Prestissimo the Spriggan Hunter began the quest for the
                  | Orb.
     0 | D:1      | Reached XP level 1. HP: 10/10 MP: 2/2
   104 | D:1      | Reached XP level 2. HP: 15/15 MP: 3/3
   928 | D:2      | Reached XP level 3. HP: 17/18 MP: 4/4
  1311 | D:2      | Reached skill level 5 in Ranged Weapons
  1379 | D:2      | Found a runed translucent door.
  1380 | D:2      | Noticed Crazy Yiuf
  1530 | D:2      | Killed Crazy Yiuf
  1531 | D:2      | Reached skill level 1 in Evocations
  1531 | D:2      | Reached XP level 4. HP: 23/23 MP: 5/5
  1711 | D:3      | Found Zoga's Armour Shop.
  2162 | D:3      | Found an ornate altar of the Wu Jian Council.
  2162 | D:3      | Found a stormy altar of Qazlal.
  2326 | D:4      | Found a shimmering blue altar of Sif Muna.
  2332 | D:4      | Found a bloodstained altar of Trog.
  2360 | D:4      | Noticed Eustachio
  2439 | D:3      | Killed Eustachio
  2440 | D:3      | Reached skill level 6 in Ranged Weapons
  2440 | D:3      | Reached skill level 1 in Throwing
  2440 | D:3      | Reached XP level 5. HP: 28/28 MP: 6/6
  2686 | D:4      | Reached XP level 6. HP: 32/32 MP: 7/7
  2705 | D:4      | Noticed Ijyb
  2713 | D:4      | Killed Ijyb
  3130 | D:4      | Noticed Sigmund
  3138 | D:4      | Killed Sigmund
  3139 | D:4      | Reached skill level 7 in Ranged Weapons
  3139 | D:4      | Reached XP level 7. HP: 36/36 MP: 8/8
  3550 | D:4      | Found an ancient bone altar of Kikubaaqudgha.
  3590 | D:4      | Found an iron altar of Okawaru.
  3698 | D:5      | Entered Level 5 of the Dungeon
  3754 | D:5      | Slain by a killer bee

Illustrated notes

Levels and vault maps discovered:
D:1:      dpeg_arrival_morbid_curiosity, layout_basic, serial_rivers,
          chequers_serial_rivers_room_b, chequers_serial_rivers_small_b,
          chequers_serial_rivers_small_3, chequers_serial_rivers_room_b,
          chequers_serial_rivers_large_a
D:2:      layout_loops_cross, uniq_crazy_yiuf_cottage
D:3:      layout_rooms, gammafunk_temple_overflow_elements,
          shapermc_ecumenical_altar_petra, serial_shops, shop,
          kennysheep_cross_bottleneck, serial_park_tiny_2
D:4:      kennysheep_six_static_rooms, layout_loops_ring,
          hellmonk_overflow_destroyed_library, mainiacjoe_overflow_alcove_4,
          kennysheep_okawaru_gauntlet, chequers_mini_garden,
          serial_bayou_lagoon_a, chequers_serial_rivers_micro_c, uniq_ijyb,
          uniq_sigmund, uniq_eustachio
D:5:      layout_rooms

Skill      XL: |  1  2  3  4  5  6 |
---------------+-------------------+-----
Fighting       | 2 3 |  3.7
Ranged Weapons | 5 6 7 |  7.4
Evocations     | 1 2 3 |  3.9
Throwing       | 1 2 |  2.7
Dodging        | |  2.6
Stealth        | |  1.5

Action                     |  1- 3 |  4- 6 |  7- 9 || total
---------------------------+-------+-------+-------++-------
   Fire: Shortbow          |   100 |   102 |    64 ||   266
  Throw: Dart              |       |    16 |     6 ||    22
  Evoke: Wand              |       |     6 |       ||     6
    Use: Potion            |       |       |     1 ||     1
 Armour: Robe              |    10 |     6 |    12 ||    28
  Dodge: Dodged            |    25 |    17 |     9 ||    51

Table legend: (Time is in decaauts)
 A = Elapsed time spent in this place.
 B = Non-inter-level travel time spent in this place.
 C = Inter-level travel time spent in this place.
 D = Time resting spent in this place.
 E = Time spent auto-exploring this place.
 F = Levels seen in this place.
 G = Mean time per level.
                   A        B        C        D        E       F      G
               +--------+--------+--------+--------+--------+-----+--------+
         Total |   2567 |   2468 |     99 |    122 |   1777 |   5 |  513.4 |
       Dungeon |   2567 |   2468 |     99 |    122 |   1777 |   5 |  513.4 |
               +--------+--------+--------+--------+--------+-----+--------+

Top non-repeatable levels by time:
     D:4: 958 daAuts
     D:2: 599 daAuts
     D:1: 534 daAuts
     D:3: 435 daAuts
     D:5: 39 daAuts
